 Dungeon Crawl Stone Soup version 0.28-a0-850-g09de17f5b5 (webtiles) character file.

Game seed: 573479887420701941

14822 ytrimaz the Cleaver (level 12, -2/75 HPs)
             Began as a Gargoyle Berserker on Nov 13, 2021.
             Was a Believer of Trog.
             Slain by an eight-headed hydra (4 damage)
             ... on level 11 of the Dungeon.
             The game lasted 00:26:37 (14983 turns).

ytrimaz the Cleaver (Gargoyle Berserker)           Turns: 14983, Time: 00:26:39

Health: -2/75      AC: 28    Str: 26    XL:     12   Next: 20%
Magic:  12/12      EV:  8    Int:  8    God:    Trog [**....]
Gold:   424        SH:  0    Dex:  9    Spells: 11/11 levels left

rFire   . . .      SeeInvis .   g - +5 broad axe
rCold   + . .      Faith    .   (no shield)
rNeg    + + .      Spirit   .   v - +0 plate armour
rPois   ∞          Reflect  .   n - +0 helmet
rElec   +          Harm     .   h - +0 cloak
rCorr   .          Rampage  .   m - +0 pair of gloves
Will    .....                   b - +0 pair of boots
Stlth   ..........              (no amulet)
HPRegen 0.22/turn               i - ring of protection from cold
MPRegen 0.13/turn               y - ring of positive energy

@: no status effects
A: sickness immunity, AC +8, negative energy resistance 1, electricity
resistance, torment resistance 1, petrification resistance
a: Renounce Religion, Berserk, Trog's Hand


You were on level 11 of the Dungeon.
You worshipped Trog.
Trog was pleased with you.
You visited 1 branch of the dungeon, and saw 12 of its levels.
You also visited: Ossuary.

You collected 566 gold pieces.
You spent 142 gold pieces at shops.

Inventory:

Hand Weapons
 g - a +5 broad axe (weapon)
Missiles
 k - 2 throwing nets (quivered)
 C - 2 javelins
Armour
 b - a +0 pair of boots (worn)
 h - a +0 cloak (worn)
 m - a +0 pair of gloves (worn)
 n - a +0 helmet (worn)
 v - a +0 plate armour (worn)
Jewellery
 i - a ring of protection from cold (left hand)
 y - a ring of positive energy (right hand)
 F - a ring of magical power
Wands
 f - a wand of flame (21)
 t - a wand of charming (15)
 B - a wand of acid (10)
 E - a wand of polymorph (4)
Scrolls
 a - a scroll of enchant armour
 q - 2 scrolls of blinking
 s - 2 scrolls of noise
 w - a scroll of magic mapping
 D - a scroll of immolation
Potions
 c - 3 potions of cancellation
 d - 4 potions of flight
 e - 2 potions of curing
 j - a potion of magic
 l - a potion of brilliance
 o - a potion of heal wounds
 p - a potion of berserk rage
 r - 2 potions of mutation
 u - a potion of resistance
 x - a potion of invisibility {unknown}
 z - 2 potions of lignification
 A - 2 potions of ambrosia {unknown}


   Skills:
 + Level 8.3 Fighting
 * Level 13.1(13.4) Axes
 - Level 4.4(10.3) Maces & Flails
 * Level 6.6 Throwing
 * Level 8.9 Armour
 - Level 1.5 Dodging


You had 11 spell levels left.
You didn't know any spells.
Your spell library was empty.

Dungeon Overview and Level Annotations

Branches:
Dungeon (12/15)            Temple (0/1) D:6             Orc (0/2) D:11
Ossuary (visited)
   Lair: D:8-11

Altars:
Cheibriados
Elyvilon
Makhleb
Sif Muna
Trog
Xom
Yredelemnul
Beogh

Shops:
D:3 (   D:7 *[?   D:9 =

Annotations:
D:8 3 runed translucent doors


Innate Abilities, Weirdness & Mutations

You are immune to sickness and miasma.
Your stone body is resilient. (AC +8)
You are immune to poison.
You resist negative energy. (rN+)
You are resistant to electric shocks. (rElec)
You are resistant to unholy torment.
You are immune to petrification.


Message History

Okay, then.
Your skin crawls.
You feel strong-willed. The large slime creature hits you!!
* * * LOW HITPOINT WARNING * * *
A centaur comes into view.
The centaur shouts!
The centaur wields a +0 shortbow.
The centaur shoots an arrow.
The arrow hits you but does no damage.
The centaur shoots an arrow.
The arrow hits you but does no damage.
The centaur shoots an arrow.
The arrow hits you but does no damage.
The centaur shoots an arrow.
The arrow hits you.
* * * LOW HITPOINT WARNING * * *
The centaur shoots an arrow.
The arrow hits you but does no damage.
The centaur shoots an arrow.
The arrow hits you but does no damage.
You feel the effects of Trog's Hand fading.
The centaur shoots an arrow.
The arrow hits you but does no damage.
The centaur unwields a +0 shortbow.
The centaur barely misses you.
The centaur kicks you but does no damage.
There is a stone staircase leading up here.
The centaur wields a +0 shortbow.
The centaur shoots an arrow.
The arrow hits you but does no damage.
The centaur shoots an arrow.
The arrow hits you.
The centaur shoots an arrow.
The arrow hits you but does no damage.
The large slime creature closely misses you.
Your skin stops crawling.
You feel less strong-willed.
The centaur shoots an arrow.
The arrow closely misses you.
The centaur shoots an arrow.
The arrow hits you but does no damage. The slime creature hits you!
* * * LOW HITPOINT WARNING * * *
There is a stone staircase leading up here.
You can't go down here!
A large slime creature splits.
The slime creature hits you but does no damage.
You climb upwards.
The eight-headed hydra bites you!
* * * LOW HITPOINT WARNING * * *
The eight-headed hydra bites you but does no damage. x2
The eight-headed hydra barely misses you.
The eight-headed hydra bites you.
You die...

....# #.........##..## ##
....# #.........#....## #
....###.........#.....#### #
.....######.#####........## #
......# #.# ##.^.......## #
......# #.# #...........# #
......# #.####.[.........##
## ...####
#.................# ##.
#...###
#####D@J..........###..
###...###
##.J.J..........##..#
###...##
#..................##
###..####.................###
###..##...............#..##
###................###...
##...##..........# ##..
##.#####.....#### ##. ##.#
####### ##


You could see an eight-headed hydra and 3 slime creatures.

Vanquished Creatures
  Gastronok (D:8)
  2 quicksilver oozes (D:12)
  A rakshasa (D:10)
  2 two-headed ogres
  Pikel (D:4)
  An unseen horror (D:12)
  A troll (D:6)
  5 slime creatures (D:12)
  2 shadows
  2 wraiths
  22 yaks
  A wyvern (D:8)
  Menkaure (D:4)
  3 water moccasins
  4 acid dragons
  2 orc warriors (D:8)
  An ice beast (D:7)
  2 sky beasts
  A black bear (D:11)
  A necrophage (D:7)
  3 ogres
  5 centaurs
  2 bullfrogs
  A scorpion (D:10)
  14 killer bees
  7 wights (D:8)
  3 howler monkeys
  6 centaur zombies
  A jelly (D:6)
  8 orc priests
  An iguana (D:4)
  Ijyb (D:5)
  8 orc wizards
  3 mummies (Ossuary)
  3 howler monkey zombies
  A howler monkey skeleton (D:7)
  3 adders
  A shadow imp (D:7)
  A white imp (D:5)
  3 ufetubi
  2 worms (D:2)
  31 orcs
  4 ball pythons
  3 endoplasms
  6 giant cockroaches
  6 goblins
  7 hobgoblins
  4 jackals (D:2)
  6 quokkas
  6 bats
  A frilled lizard (D:1)
  3 goblin zombies (Ossuary)
  A hobgoblin zombie (Ossuary)
  9 kobolds
  5 kobold zombies (Ossuary)
  2 rats
227 creatures vanquished.

Vanquished Creatures (collateral kills)
  A yak (D:8)
1 creature vanquished.

Vanquished Creatures (others)
  A yak (D:8)
  9 fungi (D:11)
  14 plants (D:11)
24 creatures vanquished.

Grand Total: 252 creatures vanquished

Notes
Turn   | Place    | Note
-------+----------+-------------------------------------------
     0 | D:1      | ytrimaz the Gargoyle Berserker began the quest for the Orb.
     0 | D:1      | Reached XP level 1. HP: 14/14 MP: 1/1
   573 | D:1      | Reached XP level 2. HP: 19/19 MP: 2/2
  1067 | D:2      | Found a white marble altar of Elyvilon.
  1306 | D:2      | Reached XP level 3. HP: 24/24 MP: 3/3
  1984 | D:2      | Reached skill level 1 in Throwing
  2336 | D:3      | Reached XP level 4. HP: 8/29 MP: 4/4
  2784 | D:3      | Noticed a water moccasin
  2793 | D:3      | Killed a water moccasin
  2794 | D:3      | Reached XP level 5. HP: 33/33 MP: 5/5
  3032 | D:3      | Found Cutaadie's Weapon Boutique.
  3054 | D:3      | Bought a +0 broad axe for 40 gold pieces
  3233 | D:3      | Reached ** piety under Trog
  3310 | D:3      | Found a faded altar of an unknown god.
  3412 | D:4      | Noticed an ogre
  3422 | D:4      | Killed an ogre
  3423 | D:4      | Reached XP level 6. HP: 39/39 MP: 6/6
  3481 | D:4      | Noticed a sky beast
  3492 | D:4      | Killed a sky beast
  3493 | D:4      | Reached skill level 1 in Axes
  3594 | D:4      | Reached skill level 2 in Axes
  3594 | D:4      | Reached XP level 7. HP: 24/44 MP: 7/7
  3594 | D:4      | Noticed Pikel
  3865 | D:4      | Killed Pikel
  3866 | D:4      | Reached skill level 5 in Fighting
  3866 | D:4      | Reached skill level 4 in Axes
  3866 | D:4      | Reached XP level 8. HP: 50/50 MP: 8/8
  4059 | D:4      | Found a shimmering altar of Xom.
  4078 | D:4      | Noticed Menkaure
  4090 | D:4      | Killed Menkaure
  4269 | D:4      | Reached skill level 5 in Axes
  4373 | D:5      | Entered Level 5 of the Dungeon
  4594 | D:5      | Noticed Ijyb
  4610 | D:5      | Killed Ijyb
  4842 | D:5      | Found a sand-covered staircase.
  4851 | Ossuary  | Entered an ossuary
  4851 | Ossuary  | Noticed a wraith
  4851 | Ossuary  | Noticed a wraith
  4851 | Ossuary  | Noticed a wraith
  5436 | Ossuary  | Noticed a wraith
  5447 | Ossuary  | Killed a wraith
  5752 | D:6      | Noticed a troll
  5759 | D:6      | Killed a troll
  5760 | D:6      | Reached skill level 6 in Axes
  5760 | D:6      | Reached skill level 5 in Armour
  5760 | D:6      | Reached XP level 9. HP: 55/55 MP: 9/9
  6224 | D:6      | Found a staircase to the Ecumenical Temple.
  6531 | D:7      | Found Vutuew's Magic Scroll Boutique.
  6537 | D:7      | Bought a scroll of blinking for 90 gold pieces
  6537 | D:7      | Bought a scroll of noise for 12 gold pieces
  6566 | D:7      | Reached skill level 7 in Axes
  6872 | D:7      | Found Syufaseepn's Antique Armour Shoppe.
  6889 | D:7      | Found a snail-covered altar of Cheibriados.
  7044 | D:7      | Found Zoyzu's Assorted Antiques.
  7152 | D:7      | Identified the +0 robe of Awe {rElec}
  7853 | D:8      | Reached skill level 8 in Axes
  8286 | D:8      | Reached *** piety under Trog
  8505 | D:8      | Reached skill level 9 in Axes
  8505 | D:8      | Reached XP level 10. HP: 15/61 MP: 10/10
  8515 | D:8      | Found a runed translucent gate.
  8754 | D:8      | Noticed Gastronok
  8804 | D:8      | Reached skill level 5 in Throwing
  8843 | D:8      | Killed Gastronok
  8844 | D:8      | Reached skill level 10 in Axes
  9315 | D:8      | Found a runed translucent gate.
  9315 | D:8      | Found a runed translucent gate.
  9315 | D:8      | Noticed a glowing orange brain
  9316 | D:8      | Noticed a white ugly thing
  9317 | D:8      | Noticed a purple ugly thing
  9318 | D:8      | Noticed a purple ugly thing
  9742 | D:9      | Found a basalt altar of Yredelemnul.
  9794 | D:9      | Reached skill level 11 in Axes
  9928 | D:9      | Noticed a two-headed ogre
  9944 | D:9      | Killed a two-headed ogre
  9945 | D:9      | Reached XP level 11. HP: 55/67 MP: 11/11
 10468 | D:9      | Found Xorempes's Jewellery Boutique.
 11251 | D:10     | Entered Level 10 of the Dungeon
 11252 | D:10     | Noticed a two-headed ogre
 11277 | D:10     | Killed a two-headed ogre
 11603 | D:10     | Noticed a rakshasa
 11903 | D:10     | Killed a rakshasa
 11904 | D:10     | Reached skill level 12 in Axes
 12527 | D:10     | Found a burning altar of Makhleb.
 12591 | D:11     | Found a staircase to the Orcish Mines.
 12763 | D:11     | Noticed an eight-headed hydra
 12779 | D:10     | Found a shimmering blue altar of Sif Muna.
 12782 | D:10     | Found a bloodstained altar of Trog.
 14127 | D:12     | Noticed a seven-headed hydra
 14128 | D:12     | Noticed a quicksilver ooze
 14128 | D:12     | a seven-headed hydra changed into a quicksilver ooze
 14139 | D:12     | Killed a quicksilver ooze
 14167 | D:12     | Reached XP level 12. HP: 11/73 MP: 12/12
 14496 | D:12     | Noticed a four-headed hydra
 14499 | D:12     | Noticed a quicksilver ooze
 14499 | D:12     | a four-headed hydra changed into a quicksilver ooze
 14505 | D:12     | Killed a quicksilver ooze
 14506 | D:12     | Reached skill level 13 in Axes
 14983 | D:11     | HP: 2/75 [eight-headed hydra (10)]
 14983 | D:11     | Slain by an eight-headed hydra

Illustrated notes

Levels and vault maps discovered:
D:1:      doesnt_arrival_eight_statues, layout_basic, minmay_splitting_lines
D:2:      layout_basic, basic_altar, minmay_door_square
D:3:      layout_basic, serial_shops, shop_fountains,
          hellmonk_ecumenical_altar_defaced_shrine
D:4:      layout_rooms, lemuel_crystal_altar, chequers_serial_rivers_small_a,
          kennysheep_generic_room_9, uniq_pikel, uniq_menkaure
D:5:      layout_basic, nicolae_ossuary_entry_ruins, st_stairs_7,
          serial_park_tiny_2, uniq_ijyb
D:6:      layout_loops_ring, minmay_temple_entry_gardened_gates,
          hellmonk_bongcloud_opening
D:7:      layout_basic, mainiacjoe_overflow_cross_hatched, serial_shops,
          nicolae_diamond_shop, shop, nicolae_shop_statue_plus
D:8:      layout_layer_cave, ploomutoo_gammafunk_ghost_potion_laboratory,
          dk_noncrumbling_4, uniq_gastronok
D:9:      layout_layer_cave, lemuel_crystal_altar,
          minmay_shop_enchanted_jewellery
D:10:     layout_loops_cross, nicolae_overflow_hidden_temple, eino_curves_01,
          nicolae_twisting_strands
D:11:     layout_cave_pods, grunt_lair_entry_orc_guard_hut, david_orc_3
D:12:     layout_grid_maze

Skill      XL: |  1  2  3  4  5  6  7  8  9 10 11 12 |
---------------+-------------------------------------+-----
Throwing       | 1 2 3 4 5 6 |  6.6
Fighting       | 4 5 6 7 8 |  8.3
Maces & Flails | 4 |  4.4
Armour         | 3 4 5 6 8 |  8.9
Axes           | 2 4 6 9 11 12 13 | 13.1
Dodging        | |  1.5

Action                   |  1- 3 |  4- 6 |  7- 9 | 10-12 || total
-------------------------+-------+-------+-------+-------++-------
Melee: Mace              |   124 |    42 |       |       ||   166
       Broad axe         |       |    33 |   244 |   330 ||   607
Throw: Stone             |    39 |       |       |       ||    39
       Javelin           |       |       |       |     2 ||     2
       Throwing net      |       |       |       |     2 ||     2
Invok: Berserk           |     6 |     5 |    10 |    10 ||    31
       Trog's Hand       |       |     3 |     6 |    17 ||    26
Evoke: Wand              |       |       |       |     7 ||     7
  Use: Scroll            |     3 |     1 |    19 |     9 ||    32
Armor: Animal skin       |    60 |    44 |    39 |       ||   143
       Leather armour    |       |       |    80 |    26 ||   106
       Plate armour      |       |       |       |   338 ||   338
Dodge: Dodged            |    94 |    76 |   172 |   164 ||   506

Table legend: (Time is in decaauts)
 A = Elapsed time spent in this place.
 B = Non-inter-level travel time spent in this place.
 C = Inter-level travel time spent in this place.
 D = Time resting spent in this place.
 E = Time spent auto-exploring this place.
 F = Levels seen in this place.
 G = Mean time per level.
                   A        B        C        D        E       F      G
               +--------+--------+--------+--------+--------+-----+--------+
         Total |  15391 |  14927 |    464 |   3603 |   8270 |  13 | 1183.9 |
       Dungeon |  14708 |  14244 |    464 |   3421 |   7932 |  12 | 1225.7 |
       Ossuary |    682 |    682 |      0 |    181 |    338 |   1 |  682.0 |
               +--------+--------+--------+--------+--------+-----+--------+

Top non-repeatable levels by time:
     D:8: 2070 daAuts
     D:9: 1783 daAuts
    D:10: 1468 daAuts
     D:7: 1274 daAuts
     D:2: 1243 daAuts
     D:3: 1213 daAuts
    D:11: 1129 daAuts
     D:1: 1073 daAuts
     D:4: 1063 daAuts
    D:12: 946 daAuts
     D:6: 727 daAuts
     D:5: 714 daAuts
 Ossuary: 682 daAuts
